 Dungeon Crawl Stone Soup version 0.19-a0-1815-g4007336 (webtiles) character file.

2908 KarmaPolice the Jinx (level 9, -22/57 HPs)
             Began as a Vampire Enchanter on Oct 5, 2016.
             Was an Initiate of Kikubaaqudgha.
             Annihilated by Amnesiac's ghost (30 damage)
             ... on level 8 of the Dungeon on Oct 6, 2016.
             The game lasted 00:41:41 (11447 turns).

KarmaPolice the Jinx (Vampire Enchanter)           Turns: 11447, Time: 00:41:42

Health: -22/57     AC:  8    Str: 14    XL:     9   Next: 49%
Magic:  6/18       EV: 13    Int: 17    God:    Kikubaaqudgha [......]
Gold:   336        SH:  0    Dex: 16    Spells: 5 memorised, 8 levels left

rFire  + . .     SeeInvis +     x - +1 dagger (vamp)
rCold  + + .     Gourm    .     h - +2 leather armour {rF+}
rNeg   + + +     Faith    .     (no shield)
rPois  ∞         Spirit   .     e - +0 helmet
rElec  .         Dismiss  .     (no cloak)
rCorr  .         Reflect  .     B - +0 pair of gloves
MR     .....     Harm     .     (no boots)
Stlth  ++++++....               (no amulet)
                                (no ring)
                                F - +5 ring of strength

@: bloodless, non-regenerating
A: fangs 3, talons 1, see invisible, shaggy fur 1, unbreathing
a: Bat Form, Renounce Religion


You were on level 8 of the Dungeon.
You worshipped Kikubaaqudgha.
Kikubaaqudgha was noncommittal.
You were bloodless.

You visited 2 branches of the dungeon, and saw 9 of its levels.
You also visited: Sewer and Ossuary.

You collected 336 gold pieces.

Inventory:

Hand Weapons
 m - a +0 short sword of electrocution
 x - a +1 vampiric dagger (weapon)
Armour
 e - a +0 helmet (worn)
 h - a +2 leather armour of fire resistance (worn)
 w - a +0 leather armour of poison resistance
 B - a +0 pair of gloves (worn)
Jewellery
 F - a +5 ring of strength (left hand)
Wands
 a - a wand of digging (15/24)
 v - a wand of iceblast (13/15)
 z - a wand of polymorph (17/24)
 E - a wand of slowing (24/48)
Scrolls
 d - 2 scrolls of immolation {unknown}
 f - 6 scrolls of remove curse
 n - 6 scrolls of teleportation
 r - 2 scrolls of fear
 t - 3 scrolls of identify
 u - a scroll of blinking {unknown}
 y - a scroll of random uselessness {unknown}
 D - a scroll of magic mapping
Potions
 b - 6 potions of might
 g - a potion of cancellation
 i - 2 potions of lignification
 j - 8 potions of blood
 k - 3 potions of magic
 l - a potion of resistance
 o - 5 potions of curing
 p - 2 potions of invisibility {unknown}
 q - 5 potions of flight
 s - 3 potions of heal wounds {unknown}
 A - 2 potions of agility {unknown}
 G - a potion of brilliance {unknown}
Books
 c - a book of Maledictions

   Spells                             Type                      Level
   a - Corona                         Hexes                        1
   b - Ensorcelled Hibernation        Hexes/Ice                    2
   c - Confuse                        Hexes                        3
   d - Tukima's Dance                 Hexes                        3
   e - Dazzling Spray                 Conjuration/Hexes            3
 C - a book of Callings

   Spells                             Type                      Level
   a - Summon Small Mammal            Summoning                    1
   b - Call Imp                       Summoning                    2
   c - Call Canine Familiar           Summoning                    3
   d - Summon Guardian Golem          Hexes/Summoning              3
   e - Summon Lightning Spire         Summoning/Air                4
   f - Summon Ice Beast               Ice/Summoning                4


   Skills:
 + Level 7.3 Short Blades
 * Level 2.5 Armour
 - Level 2.8 Dodging
 - Level 9.1 Stealth
 - Level 6.1 Spellcasting
 - Level 9.2 Hexes
 + Level 3.8 Ice Magic


You had 8 spell levels left.
You knew the following spells:

 Your Spells              Type           Power        Failure   Level  Hunger
a - Corona                Hex            #####..      1%          1    None
b - Ensorcelled Hibernat  Hex/Ice        ####..       1%          2    None
c - Confuse               Hex            #####...     1%          3    ##.....
d - Tukima's Dance        Hex            #####...     1%          3    ##.....
e - Dazzling Spray        Conj/Hex       ###...       10%         3    ##.....


Dungeon Overview and Level Annotations

Branches:
Dungeon (8/15)             Temple (1/1) D:6
   Lair: D:8-11

Altars:
Ashenzari
Cheibriados
Dithmenos
Elyvilon
Fedhas
Gozag
Hepliaklqana
Kikubaaqudgha
Makhleb
Nemelex Xobeh
Okawaru
Qazlal
Ru
Sif Muna
Trog
Uskayaw
Vehumet
Xom
Yredelemnul
Zin
The Shining One

Shops:
D:4 [

Annotations:
D:6 1 runed door
D:8 Amnesiac's ghost, novice OgBe; Gastronok


Innate Abilities, Weirdness & Mutations

You do not heal naturally.
You are immune to poison.
You have razor-sharp teeth.
You have supernaturally acute eyesight. (SInv)
You can survive without breathing.
You have sharp toenails.
You are covered in fur. (AC +1)


Message History

Confirm with . or Enter, or press ? or * to list all spells.
Aiming: Confuse
Press: ? - help, Shift-Dir - straight line, f/p - Amnesiac's ghost
Aim: Amnesiac's ghost (chance to defeat MR: 25%) Amnesiac's ghost resists with almost no effort.
Amnesiac's ghost closely misses you.
Casting: Confuse
Confirm with . or Enter, or press ? or * to list all spells.
Aiming: Confuse
Press: ? - help, Shift-Dir - straight line, f/p - Amnesiac's ghost
Aim: Amnesiac's ghost (chance to defeat MR: 25%) Amnesiac's ghost resists with almost no effort.
Amnesiac's ghost hits you!
* * * LOW HITPOINT WARNING * * *
Unknown command.
Unknown command.
Amnesiac's ghost hits you!!
Ouch! That really hurt!
You die...
Kikubaaqudgha rasps: "You have failed me!
Welcome... oblivion!"

.# .# .# .# .#
.#
#############.#
#)...W@.......#
.........####..#
##.#####.# #..#
#.# #..# ## ##
#.####..# ###.
.###.# #.......#
#...#.....#
######.## #...#
#.# ##)## ####.#


You could see Amnesiac's ghost.

Vanquished Creatures
  Eustachio (D:5)
  Sigmund (D:5)
  Duvessa (D:7)
  A hornet zombie (D:6)
  An ice beast (D:5)
  2 ogres
  A phantom (D:6)
  A centaur (D:4)
  2 big kobolds (Sewer)
  An elf zombie (Ossuary)
  3 bullfrogs
  A scorpion (D:7)
  A wyvern skeleton (D:7)
  Dowan (D:7)
  A howler monkey (D:6)
  2 bullfrog zombies
  2 crimson imps
  A quasit (D:7)
  A jelly (D:5)
  2 centaur skeletons (D:4)
  3 hounds
  A human zombie (Ossuary)
  8 orc priests
  8 orc wizards
  2 bullfrog skeletons
  An iguana (D:4)
  3 worker ants
  A big kobold zombie (Ossuary)
  A hound skeleton (D:4)
  3 mummies
  4 gnolls (D:4)
  A howler monkey skeleton (D:8)
  2 river rats (Sewer)
  6 adders
  2 shadow imps
  8 oozes
  An adder zombie (Ossuary)
  An adder skeleton (D:6)
  5 worms
  3 dart slugs
  7 leopard geckos
  22 orcs
  10 giant cockroaches
  10 goblins
  7 hobgoblins
  9 jackals
  2 quokkas
  A ball python (Sewer)
  8 bats
  5 frilled lizards
  12 hobgoblin zombies
  3 jackal zombies (Ossuary)
  11 kobolds
  10 kobold zombies
  7 orc zombies (Ossuary)
  8 rats
  2 rat zombies (Ossuary)
225 creatures vanquished.

Notes
Turn   | Place    | Note
-------+----------+-------------------------------------------
     0 | D:1      | KarmaPolice the Vampire Enchanter began the quest for the Orb.
     0 | D:1      | Reached XP level 1. HP: 13/13 MP: 3/3
    68 | D:1      | Reached XP level 2. HP: 9/19 MP: 5/5
   102 | D:1      | Learned a level 2 spell: Ensorcelled Hibernation
   339 | D:1      | Reached skill level 5 in Hexes
   508 | D:1      | Reached skill level 5 in Stealth
   517 | D:1      | Reached XP level 3. HP: 13/24 MP: 2/6
  1011 | D:2      | Reached XP level 4. HP: 30/30 MP: 0/7
  1589 | D:2      | Learned a level 3 spell: Confuse
  2045 | D:3      | Found a glowing drain.
  2046 | D:3      | Reached XP level 5. HP: 33/35 MP: 9/9
  2105 | Sewer    | Entered a sewer
  3013 | Sewer    | Reached XP level 6. HP: 19/41 MP: 1/11
  3498 | D:3      | Found a deep blue altar of Sif Muna.
  4169 | D:3      | Found a blossoming altar of Fedhas.
  4169 | D:3      | Found an iron altar of Okawaru.
  4170 | D:3      | Found a snail-covered altar of Cheibriados.
  4352 | D:4      | Learned a level 3 spell: Tukima's Dance
  4446 | D:4      | Found Suadghykly's Antique Armour Boutique.
  4465 | D:4      | Reached XP level 7. HP: 44/46 MP: 13/13
  4508 | D:4      | Found a sand-covered staircase.
  4513 | Ossuary  | Entered an ossuary
  4727 | Ossuary  | Gained mutation: You have sharp toenails. [potion of mutation]
  4727 | Ossuary  | Gained mutation: You are covered in fur. (AC +1) [potion of mutation]
  5933 | D:4      | Reached skill level 5 in Short Blades
  6252 | D:4      | Reached XP level 8. HP: 34/52 MP: 8/15
  7033 | D:4      | Reached skill level 5 in Spellcasting
  7152 | D:5      | Entered Level 5 of the Dungeon
  7294 | D:5      | Noticed Sigmund
  7296 | D:5      | Killed Sigmund
  7506 | D:5      | Found a glowing silver altar of Zin.
  7632 | D:5      | Reached skill level 1 in Ice Magic
  7714 | D:5      | Noticed Eustachio
  7716 | D:5      | Killed Eustachio
  7976 | D:6      | Learned a level 3 spell: Dazzling Spray
  7978 | D:6      | Found a glowing silver altar of Zin.
  7978 | D:6      | Found a runed door.
  7978 | D:6      | Noticed an angel
  7985 | D:6      | Reached XP level 9. HP: 57/57 MP: 17/17
  8686 | D:6      | Found a shimmering altar of Xom.
  8687 | D:6      | Found a shimmering altar of Xom.
  8687 | D:6      | Found a shimmering altar of Xom.
  8998 | D:6      | Found a staircase to the Ecumenical Temple.
  9044 | Temple   | Entered the Ecumenical Temple
  9261 | Temple   | Became a worshipper of Kikubaaqudgha
  9905 | D:7      | Reached skill level 1 in Armour
 10402 | D:7      | Noticed Dowan
 10404 | D:7      | Noticed Duvessa
 10413 | D:7      | Killed Dowan
 10449 | D:7      | Killed Duvessa
 11053 | D:8      | Noticed Gastronok
 11263 | D:8      | Noticed a hill giant
 11419 | D:8      | Noticed Amnesiac's ghost (novice OgBe)
 11447 | D:8      | Annihilated by Amnesiac's ghost

Vault maps used:
D:1:      dpeg_arrival_subterranean_lakeside_camping, minmay_misc_feat_columns
D:3:      gammafunk_temple_overflow_claw, gup_sewer_entry_pipe, first_bread,
          led_sif_pool
D:4:      nicolae_ossuary_entry_giza, serial_shops, shop, dk_noncrumbling_4
D:5:      kennysheep_mini, uniq_eustachio, uniq_sigmund
D:6:      xom_redecorated, lemuel_angel_altar
D:7:      eino_small_chamber_without_monster, uniq_duvessa
D:8:      lair_0_dummy, uniq_gastronok
Temple:   nicolae_temple_elliptical
Sewer:    sewer_co_15_rooms
Ossuary:  ossuary_tomb_1

Skill      XL: |  1  2  3  4  5  6  7  8  9 |
---------------+----------------------------+-----
Hexes          | 5 6 7 9 |  9.2
Stealth        | 5 6 7 8 9 |  9.1
Short Blades   | 2 3 5 6 7 |  7.3
Spellcasting   | 3 4 5 6 |  6.1
Ice Magic      | 2 3 |  3.8
Armour         | 2 |  2.5
Dodging        | |  2.8

Action                   |  1- 3 |  4- 6 |  7- 9 || total
-------------------------+-------+-------+-------++-------
Melee: Dagger            |   122 |   262 |   646 ||  1030
       Bite              |     6 |    20 |    68 ||    94
       Unarmed           |       |    35 |     2 ||    37
       Kick              |       |       |   142 ||   142
 Cast: Ensorcelled Hiber |     6 |    22 |    52 ||    80
       Corona            |     1 |     1 |     3 ||     5
       Confuse           |       |       |    20 ||    20
       Tukima's Dance    |       |       |     4 ||     4
 Abil: End Transformatio |       |    20 |    19 ||    39
       Bat Form          |       |    20 |    19 ||    39
  Use: Potion            |       |     7 |    16 ||    23
       Scroll            |       |     9 |     2 ||    11
 Stab: Sleeping          |    11 |    23 |    45 ||    79
       Distracted        |     1 |       |     4 ||     5
       Confused          |       |       |     8 ||     8
  Eat: Corpse            |       |     1 |     1 ||     2
Armor: Robe              |    23 |       |       ||    23
       Leather armour    |    18 |    90 |   132 ||   240
Dodge: Dodged            |    64 |   195 |   318 ||   577
